 Dungeon Crawl Stone Soup version 0.28-a0-793-g31680bbd8b (webtiles) character file.

Game seed: 3991829811466978940

13651 Ijustatesigmund the Blocker (level 12, -3/144 HPs)
             Began as a Gnoll Fighter on Nov 4, 2021.
             Was a Priest of Cheibriados.
             Killed from afar by a deep elf pyromancer (27 damage)
             ... with a bolt of fire
             ... on level 12 of the Dungeon.
             The game lasted 00:24:37 (14452 turns).

Ijustatesigmund the Blocker (Gnoll Fighter)        Turns: 14452, Time: 00:24:39

Health: -3/144     AC: 15    Str: 31    XL:     12   Next: 8%
Magic:  22/22      EV: 12    Int: 15    God:    Cheibriados [***...]
Gold:   123        SH: 19    Dex: 18    Spells: 24/24 levels left

rFire   . . .      SeeInvis +   a - +3 broad axe (vorpal)
rCold   . . .      Faith    .   c - +2 tower shield {AC+3}
rNeg    . . .      Spirit   .   b - +0 acid dragon scales
rPois   +          Reflect  .   j - +0 helmet
rElec   +          Harm     .   (no cloak)
rCorr   +          Rampage  .   h - +0 pair of gloves
Will    ++++.      Rage     50% C - +0 pair of boots of Paosch {rElec rPois Will+ Slay+3}
Stlth   ..........              G - necklace of Bloodlust {*Rage Will++ Int-3 Slay+6}
HPRegen 0.34/turn               l - +6 ring of strength
MPRegen 0.18/turn               v - ring "Ifruhiamm" {Will+ Slay+2 SInv}

@: berserking, very slow
A: fangs 1, strong nose, distributed training
a: Renounce Religion, Bend Time, Temporal Distortion


You were on level 12 of the Dungeon.
You worshipped Cheibriados.
Cheibriados was most pleased with you.
You visited 2 branches of the dungeon, and saw 13 of its levels.

You collected 756 gold pieces.
You spent 633 gold pieces at shops.

Inventory:

Hand Weapons
 a - a +3 vorpal broad axe (weapon)
 F - a +3 broad axe of distortion
Missiles
 p - 28 poisoned darts (quivered)
 q - 49 sling bullets
 x - 4 throwing nets
Armour
 b - +0 acid dragon scales (worn)
 c - a +2 tower shield of protection (worn)
 h - a +0 pair of gloves (worn)
 j - a +0 helmet (worn)
 C - the +0 pair of boots of Paosch (worn) {rElec rPois Will+ Slay+3}
   (You found it on level 10 of the Dungeon)

   Slay:      It affects your accuracy & damage with ranged weapons and melee
   (+3).
   rElec:     It insulates you from electricity.
   rPois:     It protects you from poison.
   Will:      It increases your willpower.
Jewellery
 e - a ring of resist corrosion
 k - a ring of positive energy
 l - a +6 ring of strength (left hand)
 t - a ring of ice
 v - the ring "Ifruhiamm" (right hand) {Will+ Slay+2 SInv}
   (You acquired it on level 7 of the Dungeon)

   [ring of see invisible]

   Slay:      It affects your accuracy & damage with ranged weapons and melee
   (+2).
   SInv:      It lets you see invisible.
   Will:      It increases your willpower.
 G - the necklace of Bloodlust (around neck) {*Rage Will++ Int-3 Slay+6}
   (You bought it in a shop on level 2 of the Dungeon)

   [amulet of nothing]

   It extends the wearer's berserk rage when killing foes.
   Int:       It affects your intelligence (-3).
   Slay:      It affects your accuracy & damage with ranged weapons and melee
   (+6).
   *Rage:     It berserks you when you make melee attacks (+50% chance).
   Will:      It greatly increases your willpower.
Wands
 g - a wand of acid (7)
 s - a wand of polymorph (16)
 w - a wand of iceblast (8)
 B - a wand of flame (31)
Scrolls
 m - 2 scrolls of amnesia
 y - a scroll of teleportation
 D - a scroll of identify
Potions
 d - a potion of attraction
 f - a potion of invisibility
 i - a potion of might
 n - a potion of mutation
 o - a potion of ambrosia
 r - 3 potions of cancellation
 u - 3 potions of flight
 z - a potion of lignification
 A - 3 potions of curing
 E - a potion of berserk rage


   Skills:
 + Level 9.6 Fighting
 + Level 6.9 Short Blades
 + Level 6.9 Long Blades
 + Level 8.4 Axes
 + Level 6.9 Maces & Flails
 + Level 6.9 Polearms
 + Level 6.9 Staves
 + Level 6.9 Slings
 + Level 6.9 Bows
 + Level 6.9 Crossbows
 + Level 6.9 Throwing
 + Level 9.6 Armour
 + Level 6.9 Dodging
 + Level 6.9 Stealth
 + Level 9.6 Shields
 + Level 6.9 Unarmed Combat
 + Level 6.9 Spellcasting
 + Level 5.7 Conjurations
 + Level 5.7 Hexes
 + Level 5.7 Summonings
 + Level 5.7 Necromancy
 + Level 5.7 Translocations
 + Level 5.7 Transmutations
 + Level 5.7 Fire Magic
 + Level 5.7 Ice Magic
 + Level 5.7 Air Magic
 + Level 5.7 Earth Magic
 + Level 5.7 Poison Magic
 + Level 7.6 Invocations
 + Level 6.9 Evocations


You had 24 spell levels left.
You didn't know any spells.
Your spell library contained the following spells:

 Spells                   Type           Power      Damage    Failure   Level
 Beastly Appendage        Tmut           44%        N/A       11%         1
 Corpse Rot               Necr/Air       44%        N/A       16%         2
 Wereblood                Tmut           22%        N/A       16%         2
 Spider Form              Tmut/Pois      22%        N/A       32%         3
 Cause Fear               Hex            11%        N/A       71%         4
 Dispel Undead            Necr           22%        3d12      71%         4
 Death Channel            Necr           11%        N/A       100%        6
 Dragon Form              Tmut           11%        N/A       100%        7
 Dragon's Call            Summ           11%        N/A       100%        9


Dungeon Overview and Level Annotations

Branches:
Dungeon (12/15)            Temple (1/1) D:6            Lair (0/6) D:9
    Orc (0/2) D:12

Altars:
Ashenzari
Cheibriados
Dithmenos
Elyvilon
Fedhas
Gozag
Hepliaklqana
Kikubaaqudgha
Makhleb
Nemelex Xobeh
Okawaru
Qazlal
Ru
Sif Muna
Trog
Uskayaw
Vehumet
Wu Jian
Xom
Yredelemnul
Zin
The Shining One

Shops:
D:2 =   D:6 [


Innate Abilities, Weirdness & Mutations

You have very sharp teeth.
Your uncanny sense of smell can sniff out nearby items.
Your experience applies equally to all skills.


Message History

The kobold brigand hits you but does no damage.
The fire elemental closely misses you.
The centaur shoots an arrow.
You block the arrow.
The centaur unwields a +0 shortbow.
The centaur barely misses you. You block the centaur's attack.
The centaur hits you but does no damage.
The centaur closely misses you. The fire elemental barely misses you.
You slice the centaur!!
You kill the centaur!
Cheibriados thoroughly appreciates the change of pace.
You barely miss the centaur. You slice the fire elemental!!
You closely miss the kobold brigand. You slash the fire elemental!
The necklace of Bloodlust glows a violent red.
You destroy the fire elemental!
The fire elemental disappears in a puff of smoke!
The centaur shoots an arrow.
The arrow misses you. You block the centaur's attack. x2
The kobold brigand hits you but does no damage.
You block the fire elemental's attack.
The centaur shoots an arrow.
You block the arrow. The centaur misses you. You block the centaur's attack.
The kobold brigand closely misses you. You block the fire elemental's attack.
You slash the kobold brigand!
The necklace of Bloodlust glows a violent red.
You kill the kobold brigand!
Cheibriados appreciates the change of pace.
You slice the centaur!!
The necklace of Bloodlust glows a violent red.
You kill the centaur!
Cheibriados thoroughly appreciates the change of pace.
You slice the fire elemental!!
You destroy the fire elemental!
The fire elemental disappears in a puff of smoke!
The centaur shoots an arrow.
The arrow hits you but does no damage.
The centaur shoots an arrow.
The arrow closely misses you.
You slice the centaur like a ripe choko!!!
You kill the centaur!
Cheibriados appreciates the change of pace.
You miss the deep elf pyromancer.
The deep elf pyromancer casts a spell at you.
The bolt of fire hits you!!
You die...

.............)........
......##.............
#.... #....÷........
#.... #.............
#.... #.............
.##....##.............
......................
.........))...........
#####....§@))..<......
#....e..<.........
#.......[........
#...............
#...............
#...............
..####........... $.
#....?......
#...........


You could see a deep elf pyromancer.

Vanquished Creatures
  Jorgrun (D:12)
  A hydra (D:11)
  A boulder beetle (D:12)
  2 two-headed ogres
  2 ugly things
  2 gargoyles
  An unseen horror (D:10)
  A kobold demonologist (D:12)
  5 trolls
  A hornet (D:8)
  A wraith (D:9)
  A wyvern (D:9)
  A shadow (D:11)
  8 yaks
  Eustachio (D:5)
  A steam dragon (D:7)
  A water moccasin (D:7)
  3 sky beasts
  3 orc warriors
  2 necrophages
  2 black bears
  8 centaurs
  2 phantoms
  3 gnoll sergeants
  4 kobold brigands
  3 bullfrogs
  2 wyvern zombies
  A scorpion (D:6)
  A water moccasin zombie (D:6)
  A water moccasin skeleton (D:5)
  9 killer bees
  An electric eel (D:10)
  5 wights
  10 howler monkeys
  A bullfrog zombie (D:5)
  A centaur zombie (D:8)
  2 centaur skeletons
  3 jellies
  4 hounds (D:7)
  2 orc priests
  4 iguanas
  3 orc wizards
  A howler monkey zombie (D:11)
  19 gnolls
  A howler monkey skeleton (D:7)
  6 adders
  A shadow imp (D:7)
  A white imp (D:7)
  An ufetubus (D:4)
  An adder skeleton (D:4)
  2 dart slugs
  26 orcs
  5 ball pythons
  4 bats
  9 endoplasms
  2 giant cockroaches
  4 goblins
  5 hobgoblins
  3 jackals (D:4)
  15 kobolds
  3 quokkas
  2 frilled lizards (D:1)
  4 rats
226 creatures vanquished.

Vanquished Creatures (collateral kills)
  A bullfrog (D:7)
  2 centaurs (D:7)
  A water moccasin zombie (D:5)
  A wight (D:7)
  A gnoll (D:7)
  An orc (D:5)
7 creatures vanquished.

Vanquished Creatures (others)
  A steam dragon (D:7)
  A black bear (D:7)
  A bullfrog (D:7)
  An orc wizard (D:8)
  3 orcs
7 creatures vanquished.

Grand Total: 240 creatures vanquished

Notes
Turn   | Place    | Note
-------+----------+-------------------------------------------
     0 | D:1      | Ijustatesigmund the Gnoll Fighter began the quest for the
                  | Orb.
     0 | D:1      | Reached XP level 1. HP: 23/23 MP: 1/1
   247 | D:1      | Reached XP level 2. HP: 24/29 MP: 2/2
   600 | D:1      | Found a faded altar of an unknown god.
   841 | D:2      | Reached XP level 3. HP: 35/35 MP: 3/3
   930 | D:2      | Found a blossoming altar of Fedhas.
   931 | D:2      | Found Jozexy's Jewellery Shop.
   968 | D:2      | Reached skill level 1 in Invocations
  1307 | D:3      | Found a shimmering altar of Xom.
  1499 | D:3      | Reached skill level 1 in Short Blades
  1499 | D:3      | Reached skill level 1 in Long Blades
  1499 | D:3      | Reached skill level 1 in Maces & Flails
  1499 | D:3      | Reached skill level 1 in Polearms
  1499 | D:3      | Reached skill level 1 in Staves
  1499 | D:3      | Reached skill level 1 in Slings
  1499 | D:3      | Reached skill level 1 in Bows
  1499 | D:3      | Reached skill level 1 in Crossbows
  1499 | D:3      | Reached skill level 1 in Throwing
  1499 | D:3      | Reached skill level 1 in Dodging
  1499 | D:3      | Reached skill level 1 in Stealth
  1499 | D:3      | Reached skill level 1 in Unarmed Combat
  1499 | D:3      | Reached skill level 1 in Spellcasting
  1499 | D:3      | Reached skill level 1 in Evocations
  1516 | D:3      | Reached XP level 4. HP: 41/41 MP: 5/5
  1525 | D:3      | Noticed a phantom
  1531 | D:3      | Killed a phantom
  1532 | D:3      | Reached skill level 1 in Conjurations
  1532 | D:3      | Reached skill level 1 in Hexes
  1532 | D:3      | Reached skill level 1 in Summonings
  1532 | D:3      | Reached skill level 1 in Necromancy
  1532 | D:3      | Reached skill level 1 in Translocations
  1532 | D:3      | Reached skill level 1 in Transmutations
  1532 | D:3      | Reached skill level 1 in Fire Magic
  1532 | D:3      | Reached skill level 1 in Ice Magic
  1532 | D:3      | Reached skill level 1 in Air Magic
  1532 | D:3      | Reached skill level 1 in Earth Magic
  1532 | D:3      | Reached skill level 1 in Poison Magic
  1532 | D:3      | Reached XP level 5. HP: 41/47 MP: 5/7
  2161 | D:3      | Found a bloodstained altar of Trog.
  2161 | D:3      | Found an opulent altar of Gozag.
  2424 | D:4      | Reached XP level 6. HP: 22/53 MP: 8/8
  2777 | D:4      | Reached skill level 5 in Axes
  3296 | D:4      | Noticed a necrophage
  3303 | D:4      | Killed a necrophage
  3304 | D:4      | Reached XP level 7. HP: 52/59 MP: 10/10
  4112 | D:5      | Entered Level 5 of the Dungeon
  4169 | D:4      | HP: 3/60 [sky beast (5)]
  4171 | D:4      | HP: 1/60 [something (5)]
  4475 | D:5      | Reached XP level 8. HP: 60/67 MP: 12/12
  4668 | D:5      | Noticed Eustachio
  4677 | D:5      | Killed Eustachio
  5490 | D:6      | Found a staircase to the Ecumenical Temple.
  5509 | Temple   | Entered the Ecumenical Temple
  5746 | D:6      | Found a radiant altar of Vehumet.
  6355 | D:6      | Found Bossas's Armour Shop.
  6392 | D:6      | Bought a +2 tower shield of protection for 236 gold pieces
  6444 | D:7      | Reached XP level 9. HP: 73/73 MP: 14/14
  7050 | D:7      | Reached skill level 5 in Invocations
  7247 | D:7      | Identified 2 scrolls of acquirement
  7249 | D:7      | Acquired a +3 vorpal broad axe
  7252 | D:7      | Acquired the ring "Ifruhiamm" {Will+ Slay+2 SInv}
  7501 | D:7      | Found a hide-covered altar of Uskayaw.
  7501 | D:7      | Found a white marble altar of Elyvilon.
  7515 | D:7      | Found a stormy altar of Qazlal.
  7517 | D:7      | Found a burning altar of Makhleb.
  7519 | D:7      | Found a snail-covered altar of Cheibriados.
  7820 | D:7      | Became a worshipper of Cheibriados the Contemplative
  7840 | D:8      | Noticed a hornet
  7844 | D:8      | Paralysed by a hornet for 2 turns
  7852 | D:8      | Killed a hornet
  7853 | D:8      | Reached XP level 10. HP: 44/80 MP: 17/17
  8349 | D:8      | Reached skill level 5 in Short Blades
  8349 | D:8      | Reached skill level 5 in Long Blades
  8349 | D:8      | Reached skill level 5 in Maces & Flails
  8349 | D:8      | Reached skill level 5 in Polearms
  8349 | D:8      | Reached skill level 5 in Staves
  8349 | D:8      | Reached skill level 5 in Slings
  8349 | D:8      | Reached skill level 5 in Bows
  8349 | D:8      | Reached skill level 5 in Crossbows
  8349 | D:8      | Reached skill level 5 in Throwing
  8349 | D:8      | Reached skill level 5 in Dodging
  8349 | D:8      | Reached skill level 5 in Stealth
  8349 | D:8      | Reached skill level 5 in Unarmed Combat
  8349 | D:8      | Reached skill level 5 in Spellcasting
  8349 | D:8      | Reached skill level 5 in Evocations
  8520 | D:8      | Reached * piety under Cheibriados
  9509 | D:9      | Found a sacrificial altar of Ru.
  9588 | D:9      | Noticed a two-headed ogre
  9597 | D:9      | Killed a two-headed ogre
 10108 | D:9      | Found a staircase to the Lair.
 10675 | D:10     | Entered Level 10 of the Dungeon
 11149 | D:10     | Identified the +0 pair of boots of Paosch {rElec rPois
                  | Will+ Slay+3}
 11168 | D:10     | Reached ** piety under Cheibriados
 11583 | D:10     | Reached XP level 11. HP: 86/87 MP: 19/19
 12027 | D:11     | Noticed a cyan ugly thing
 12035 | D:11     | Killed a cyan ugly thing
 12036 | D:11     | Reached skill level 5 in Conjurations
 12036 | D:11     | Reached skill level 5 in Hexes
 12036 | D:11     | Reached skill level 5 in Summonings
 12036 | D:11     | Reached skill level 5 in Necromancy
 12036 | D:11     | Reached skill level 5 in Translocations
 12036 | D:11     | Reached skill level 5 in Transmutations
 12036 | D:11     | Reached skill level 5 in Fire Magic
 12036 | D:11     | Reached skill level 5 in Ice Magic
 12036 | D:11     | Reached skill level 5 in Air Magic
 12036 | D:11     | Reached skill level 5 in Earth Magic
 12036 | D:11     | Reached skill level 5 in Poison Magic
 12862 | D:11     | Noticed a five-headed hydra
 12870 | D:11     | Killed a seven-headed hydra
 13535 | D:2      | Bought the necklace of Bloodlust {*Rage Will++ Int-3
                  | Slay+6} for 397 gold pieces
 13535 | D:2      | Found the necklace of Bloodlust {*Rage Will++ Int-3 Slay+6}
 14014 | D:12     | Found a staircase to the Orcish Mines.
 14023 | D:12     | Noticed Jorgrun
 14031 | D:12     | Killed Jorgrun
 14077 | D:12     | Noticed a boulder beetle
 14085 | D:12     | Noticed a brown ugly thing
 14089 | D:12     | Killed a brown ugly thing
 14089 | D:12     | Reached *** piety under Cheibriados
 14091 | D:12     | Killed a boulder beetle
 14400 | D:12     | Noticed a two-headed ogre
 14443 | D:12     | Noticed a deep elf pyromancer
 14448 | D:12     | Killed a two-headed ogre
 14449 | D:12     | Reached XP level 12. HP: 22/96 MP: 22/22
 14452 | D:12     | Killed from afar by a deep elf pyromancer

Illustrated notes

Levels and vault maps discovered:
D:1:      giann_wishing_wells, layout_loops_ring,
          hellmonk_ecumenical_altar_arch_garden
D:2:      layout_rooms, serial_shops, shop, basic_altar
D:3:      minmay_wonky_spiral, layout_basic, grunt_temple_overflow_open,
          mainiacjoe_overflow_boulevard
D:4:      layout_loops_ring, kennysheep_dice
D:5:      layout_cave_pools, uniq_eustachio
D:6:      layout_rooms, mainiacjoe_overflow_surrounded_room,
          minmay_temple_entry_statues, serial_shops, shop,
          kennysheep_small_circle
D:7:      layout_basic, chequers_temple_overflow_minitemple,
          minmay_fractal_squares_diagonal_5
D:8:      layout_cave_pools, minmay_misc_feat_nine_boxes
D:9:      layout_basic, nicolae_ru_awakened_eye, lair_entry_dummy,
          chequers_serial_rivers_small_b, mumra_transporter_accident,
          hangedman_decor_push
D:10:     cheibrodos_helix_gallery, layout_cave_pools
D:11:     layout_irregular_city
D:12:     layout_small_grid, orc_0_dummy, roderic_roman_lattice, billiards_dpeg,
          uniq_jorgrun
Temple:   nicolae_temple_hex_pool

Skill      XL: |  1  2  3  4  5  6  7  8  9 10 11 |
---------------+----------------------------------+-----
Invocations    | 1 2 3 4 5 6 7 |  7.6
Short Blades   | 1 2 3 4 5 6 |  6.9
Long Blades    | 1 2 3 4 5 6 |  6.9
Maces & Flails | 1 2 3 4 5 6 |  6.9
Polearms       | 1 2 3 4 5 6 |  6.9
Staves         | 1 2 3 4 5 6 |  6.9
Slings         | 1 2 3 4 5 6 |  6.9
Bows           | 1 2 3 4 5 6 |  6.9
Crossbows      | 1 2 3 4 5 6 |  6.9
Throwing       | 1 2 3 4 5 6 |  6.9
Dodging        | 1 2 3 4 5 6 |  6.9
Stealth        | 1 2 3 4 5 6 |  6.9
Unarmed Combat | 1 2 3 4 5 6 |  6.9
Spellcasting   | 1 2 3 4 5 6 |  6.9
Evocations     | 1 2 3 4 5 6 |  6.9
Conjurations   | 1 2 3 4 5 |  5.7
Hexes          | 1 2 3 4 5 |  5.7
Summonings     | 1 2 3 4 5 |  5.7
Necromancy     | 1 2 3 4 5 |  5.7
Translocations | 1 2 3 4 5 |  5.7
Transmutations | 1 2 3 4 5 |  5.7
Fire Magic     | 1 2 3 4 5 |  5.7
Ice Magic      | 1 2 3 4 5 |  5.7
Air Magic      | 1 2 3 4 5 |  5.7
Earth Magic    | 1 2 3 4 5 |  5.7
Poison Magic   | 1 2 3 4 5 |  5.7
Axes           | 5 6 7 8 |  8.4
Fighting       | 7 8 9 |  9.6
Armour         | 7 8 9 |  9.6
Shields        | 7 8 9 |  9.6

Action                   |  1- 3 |  4- 6 |  7- 9 | 10-12 || total
-------------------------+-------+-------+-------+-------++-------
Melee: War axe           |    59 |    98 |   212 |       ||   369
       Bite              |     6 |    10 |    28 |    27 ||    71
       Broad axe         |       |       |    35 |   237 ||   272
Throw: Dart              |       |       |     2 |       ||     2
Invok: Bend Time         |       |       |       |     1 ||     1
Evoke: Wand              |       |       |    17 |    10 ||    27
  Use: Scroll            |     6 |       |    11 |     5 ||    22
       Potion            |       |       |     6 |     1 ||     7
 Stab: Sleeping          |       |     1 |     3 |     3 ||     7
Armor: Scale mail        |    23 |     5 |       |       ||    28
       Acid dragon scale |       |    28 |   138 |   111 ||   277
Dodge: Dodged            |    19 |    22 |   117 |   123 ||   281
Block: Buckler           |    11 |       |       |       ||    11
       Tower shield      |    11 |    61 |   314 |   391 ||   777

Table legend: (Time is in decaauts)
 A = Elapsed time spent in this place.
 B = Non-inter-level travel time spent in this place.
 C = Inter-level travel time spent in this place.
 D = Time resting spent in this place.
 E = Time spent auto-exploring this place.
 F = Levels seen in this place.
 G = Mean time per level.
                   A        B        C        D        E       F      G
               +--------+--------+--------+--------+--------+-----+--------+
         Total |  16418 |  15204 |   1214 |   4377 |   8554 |  13 | 1262.9 |
       Dungeon |  16326 |  15132 |   1194 |   4377 |   8493 |  12 | 1360.5 |
        Temple |     91 |     71 |     20 |      0 |     61 |   1 |   91.0 |
               +--------+--------+--------+--------+--------+-----+--------+

Top non-repeatable levels by time:
     D:9: 2607 daAuts
     D:4: 2185 daAuts
    D:11: 2177 daAuts
     D:7: 1596 daAuts
     D:8: 1365 daAuts
     D:3: 1283 daAuts
     D:6: 1236 daAuts
    D:10: 1183 daAuts
     D:5: 913 daAuts
     D:1: 839 daAuts
     D:2: 499 daAuts
    D:12: 436 daAuts
  Temple: 91 daAuts
